 Dungeon Crawl Stone Soup version 0.27.0-1-g7a089689b8 (webtiles) character file.

Game seed: 3077663144914350219

79 Sin92 the Skirmisher (level 4, 0/35 HPs)
             Began as a Demonspawn Fighter on Aug 5, 2021.
             Slain by Grinder (2 damage)
             ... on level 3 of the Dungeon.
             The game lasted 00:01:36 (1759 turns).

Sin92 the Skirmisher (Demonspawn Fighter)           Turns: 1759, Time: 00:01:37

Health: 0/35       AC: 13    Str: 18    XL:     4   Next: 17%
Magic:  4/4        EV:  7    Int:  9    God:
Gold:   76         SH:  9    Dex: 12    Spells: 3/3 levels left

rFire    . . .     SeeInvis .   a - +0 long sword
rCold    . . .     Faith    .   c - +0 kite shield
rNeg     . . .     Spirit   .   b - +0 scale mail
rPois    .         Reflect  .   (helmet restricted)
rElec    .         Harm     .   (no cloak)
rCorr    .         Rampage  .   f - +0 pair of gloves
Will     .....                  (no boots)
Stlth    ..........             i - amulet of the acrobat
HPRegen  0.11/turn              (no ring)
MPRegen  0.09/turn              (no ring)

@: sanguine armoured
A: horns 1, sanguine armour 1, demonic magic 1
a: no special abilities


You were on level 3 of the Dungeon.
You visited 1 branch of the dungeon, and saw 3 of its levels.

You collected 76 gold pieces.

Inventory:

Hand Weapons
 a - a +0 long sword (weapon)
Armour
 b - a +0 scale mail (worn)
 c - a +0 kite shield (worn)
 f - a +0 pair of gloves (worn)
Jewellery
 i - an amulet of the acrobat (around neck)
Scrolls
 j - a scroll of teleportation
 k - a scroll of torment {unknown}
Potions
 d - a potion of might
 e - a potion of cancellation {unknown}
 g - 2 potions of ambrosia {unknown}
 h - a potion of heal wounds {unknown}


   Skills:
 + Level 3.3 Fighting
 * Level 2.8 Long Blades
 + Level 3.0 Armour
 + Level 1.1 Dodging
 + Level 3.0 Shields


You had 3 spell levels left.
You didn't know any spells.
Your spell library contained the following spells:

 Spells                   Type           Power      Damage    Failure   Level
 Animate Skeleton         Necr           0%         N/A       99%         1
 Apportation              Tloc           0%         N/A       99%         1
 Corona                   Hex            0%         N/A       99%         1
 Summon Small Mammal      Summ           0%         N/A       99%         1
 Ensorcelled Hibernation  Hex/Ice        0%         N/A       100%        2
 Call Canine Familiar     Summ           0%         N/A       100%        3
 Spider Form              Tmut/Pois      0%         N/A       100%        3
 Summon Guardian Golem    Hex/Summ       0%         N/A       100%        3
 Shadow Creatures         Summ           N/A        N/A       100%        6


Dungeon Overview and Level Annotations

Branches:
Dungeon (3/15)

Altars:

Annotations:
D:3 Grinder


Innate Abilities, Weirdness & Mutations

You have a pair of small horns on your head.
When seriously injured, your bleeding wounds create armour. (AC +6)
Spells you cast may paralyse adjacent enemies.


Message History

Grinder comes into view.
Grinder shouts!
Grinder gestures at you.
You barely resist.
Unknown command.
Grinder is nearby!
Grinder says, "You look like you could use a good racking."
Grinder blinks!
Found a pair of boots.
Grinder is nearby!
Unknown command.
Grinder hits you but does no damage.
Unknown command.
Grinder is nearby!
You hit Grinder but do no damage. You headbutt Grinder.
Grinder is lightly wounded.
Grinder hits you.
Unknown command.
Grinder is nearby!
You barely miss Grinder. You headbutt Grinder.
Grinder is lightly wounded.
Grinder hits you but does no damage. Grinder gestures at you.
Pain shoots through your body!
Grinder is nearby!
Unknown command.
Grinder is nearby!
You hit Grinder.
Grinder is moderately wounded.
Grinder hits you.
You writhe in agony.
Your blood congeals into armour.
Unknown command.
You hit Grinder. You headbutt Grinder, but do no damage.
Grinder is moderately wounded.
Grinder gestures at you. Pain shoots through your body!
* * * LOW HITPOINT WARNING * * *
Grinder hits you.
* * * LOW HITPOINT WARNING * * *
You writhe in agony.
You die...

########### ....#.....##
....>......##
............#
.......5....#
[.....$@)...#
............##
.............##
...........#..#
######################.#
.......................#
.#..#..#..#.(#..#..#...#
.......................#
.#..#..#..#..#..#..#...#


You could see Grinder.

Vanquished Creatures
  Terence (D:2)
  2 adders
  2 dart slugs
  An orc (D:3)
  An endoplasm (D:2)
  2 hobgoblins (D:1)
  3 jackals (D:1)
  3 quokkas
  5 ball pythons (D:1)
  7 bats
  2 goblins
  3 kobolds
  2 rats (D:1)
34 creatures vanquished.

Notes
Turn   | Place    | Note
-------+----------+-------------------------------------------
     0 | D:1      | Sin92 the Demonspawn Fighter began the quest for the Orb.
     0 | D:1      | Reached XP level 1. HP: 18/18 MP: 1/1
   154 | D:1      | Gained mutation: You have a pair of small horns on your
                  | head. [demonic ancestry]
   154 | D:1      | Reached XP level 2. HP: 11/24 MP: 2/2
   407 | D:1      | Found a faded altar of an unknown god.
  1014 | D:2      | Noticed Terence
  1025 | D:2      | Killed Terence
  1026 | D:2      | Reached skill level 1 in Dodging
  1026 | D:2      | Gained mutation: When seriously injured, your bleeding
                  | wounds create armour. (AC +6) [demonic ancestry]
  1026 | D:2      | Reached XP level 3. HP: 11/29 MP: 3/3
  1607 | D:3      | Gained mutation: Spells you cast may paralyse adjacent
                  | enemies. [demonic ancestry]
  1607 | D:3      | Reached XP level 4. HP: 33/35 MP: 4/4
  1751 | D:3      | Noticed Grinder
  1759 | D:3      | Slain by Grinder

Illustrated notes

Levels and vault maps discovered:
D:1:      minmay_arrival_four_houses, layout_basic, basic_ecumenical_altar
D:2:      layout_rooms, uniq_terence
D:3:      layout_rooms, dancing_weapons_uskayaw, minmay_misc_feat_room,
          minmay_misc_feat_tower, columned_hall_lemuel, minivault_19,
          kennysheep_generic_room_15, uniq_grinder

Skill      XL: |  1  2  3 |
---------------+----------+-----
Long Blades    | 2 |  2.8
Armour         | 3 |  3.0
Dodging        | 1 |  1.1
Shields        | 3 |  3.0
Fighting       | |  3.3

Action                   |  1- 3 |  4- 6 || total
-------------------------+-------+-------++-------
Melee: Long sword        |    77 |    13 ||    90
       Headbutt          |     8 |     4 ||    12
  Use: Scroll            |     2 |       ||     2
Armor: Scale mail        |    58 |     2 ||    60
Dodge: Dodged            |    38 |     3 ||    41
Block: Kite shield       |    51 |     3 ||    54
       Rpst.: Long sword |    10 |       ||    10
